 Dungeon Sprint DCSS version 0.31-a0-940-gdaa99269f9 (webtiles) character file.

Game seed: 10408825291519627675

7100000 dialectric the Axe Maniac (level 27, -8/249 HPs)
             Began as a Formicid Gladiator on Oct 20, 2023.
             Was the Champion of Makhleb.
             Killed by the air
             ... invoked by a tyrant
              (33 damage)
             ... in the Dungeon (Sprint VIII: "Arena of Blood").
             The game lasted 00:02:45 (71 turns).

dialectric the Axe Maniac (Formicid Gladiator)        Turns: 71, Time: 00:02:46

Health: -8/249     AC:  6    Str: 29    XL:     27
Magic:  29/54      EV: 29    Int: 10    God:    Makhleb [******]
Gold:   0          SH:  0    Dex: 17    Spells: 80/80 levels left

rFire   . . .        h - +∞ Axe of Woe
rCold   . . .        (no shield)
rNeg    . . .        b - +0 leather armour
rPois   .            (helmet unavailable)
rElec   .            (no cloak)
rCorr   .            (no gloves)
SInv    +            (no boots)
Will    ++...        (no amulet)
Stlth   +++++++++    (no ring)
HPRegen 0.61/turn    (no ring)
MPRegen 0.34/turn

%: no passive effects
@: no status effects
A: permanent stasis, dig shafts and tunnels, antennae 3, four strong arms
a: Dig, Renounce Religion, Minor Destruction, Lesser Servant of Makhleb, Major
Destruction, Greater Servant of Makhleb


You were in the Dungeon.
You worshipped Makhleb.
Makhleb was exalted by your worship.
You visited 1 branch

Inventory:

Hand Weapons
 a - a +0 war axe
 h - the +∞ Axe of Woe (weapon)
   (You found it in the Dungeon)
Missiles
 c - 3 throwing nets (quivered)
 d - a javelin
Armour
 b - a +0 leather armour (worn)
Potions
 e - a potion of curing
 g - 2 potions of magic


   Skills:
 O Level 27 Fighting
 O Level 27 Short Blades
 O Level 27 Long Blades
 O Level 27 Axes
 O Level 27 Maces & Flails
 O Level 27 Polearms
 O Level 27 Staves
 O Level 27 Ranged Weapons
 O Level 27 Throwing
 O Level 27 Armour
 O Level 27 Dodging
 O Level 27 Stealth
 O Level 27 Shields
 O Level 27 Unarmed Combat
 O Level 27 Spellcasting
 + Level 26.8 Conjurations
 O Level 27 Hexes
 O Level 27 Summonings
 O Level 27 Necromancy
 + Level 26.8 Translocations
 O Level 27 Transmutations
 O Level 27 Fire Magic
 O Level 27 Ice Magic
 + Level 25.2 Air Magic
 O Level 27 Earth Magic
 O Level 27 Poison Magic
 O Level 27 Invocations
 O Level 27 Evocations
 O Level 27 Shapeshifting


You had 80 spell levels left.
You didn't know any spells.
Your spell library was empty.

Dungeon Overview and Level Annotations

Branches:
Dungeon (1/1)

Altars:
Makhleb


Innate Abilities, Weirdness & Mutations

You cannot be hasted, slowed, berserked, paralysed or teleported.
You can dig through walls and to a lower floor.
You have a pair of large antennae on your head. (SInv)
Your four strong arms can wield two-handed weapons with a shield.


Message History

You dissect the bag of meat like a pig carcass.
You kill the bag of meat!
Makhleb accepts your kill.
You feel better.
You slash the destroyer!
You dissect the destroyer like a pig carcass.
You destroy the destroyer!
Makhleb accepts your kill.
You feel better.
The eight-headed meat hydra calls on the powers of darkness!
The eight-headed meat hydra convulses!
Your body is wracked with pain!
* * * LOW HITPOINT WARNING * * *
The dread calls on the powers of darkness!
The meat berserker convulses!
Your body is wracked with pain!
* * * LOW HITPOINT WARNING * * *
A meat berserker comes into view. It is wielding a +9 battleaxe.
The meat beast bites you!
* * * LOW HITPOINT WARNING * * *
The meat beast tramples you!
* * * LOW HITPOINT WARNING * * *
You stumble backwards!
You have mastered Short Blades!
You have mastered Long Blades!
You have mastered Maces & Flails!
You have mastered Polearms!
You have mastered Staves!
You have mastered Ranged Weapons!
You have mastered Unarmed Combat!
You have mastered Spellcasting!
Your Conjurations skill gained 2 levels and is now at level 26!
You have mastered Necromancy!
Your Translocations skill gained 2 levels and is now at level 26!
You have mastered Fire Magic!
You have mastered Ice Magic!
Your Air Magic skill gained 3 levels and is now at level 25!
You open the meat beast like a pillowcase!!!
You dissect the meat beast like a pig carcass.
You kill the meat beast!
Makhleb accepts your kill.
You feel better.
The dread calls on the powers of darkness!
The meat berserker convulses!
Your body is wracked with pain!
* * * LOW HITPOINT WARNING * * *
The tyrant waves its bony arms in wide circles.
The air twists around and strikes you!!
You die...

####....§....## #.
#...........#...o..
#........ ...#......
#.....O. ...#.......
#.....D,###...#......
#....)###))....#.....
#...)#§))))).........
#....)°)☼#)).........
#X..@)§§§)#§)).....#.
#.LX.......).#)....#.
#..X......#)).)..###.
#..WW#........).)..))
#WX.O##.OO....#.).)))
#.....#...L.#..)))..#
#=.....###..........#
#.....# ....#.......#
.......#......


You could see 2 tentacled monstrosities, 2 tyrants, 2 large abominations, 3
dreads and 4 meat berserkers.

Vanquished Creatures
  2 hell beasts (D)
  15 vampire knights (D)
  25 ogres (D)
  7 two-headed ogres (D)
  2 liches (D)
  75 orcs (D)
  5 skeletal warriors (D)
131 creatures vanquished.

Notes
Turn   | Place    | Note
-------+----------+-------------------------------------------
     0 | D        | Found the +∞ Axe of Woe
     0 | D        | dialectric the Formicid Gladiator began the quest for the
                  | Orb.
     0 | D        | Reached XP level 1. HP: 16/16 MP: 1/1
     4 | D        | Became a worshipper of Makhleb the Destroyer
     5 | D        | Noticed a bag of meat
     5 | D        | Noticed a bag of meat
     5 | D        | Noticed a meat berserker
     6 | D        | Noticed a bag of meat
     6 | D        | Noticed a bag of meat
     7 | D        | Killed a bag of meat
     7 | D        | Noticed a meat berserker
     7 | D        | Noticed a meat berserker
     7 | D        | Noticed a bag of meat
     8 | D        | Reached skill level 10 in Fighting
     8 | D        | Reached skill level 15 in Dodging
     8 | D        | Reached XP level 2. HP: 35/35 MP: 2/2
     8 | D        | Reached XP level 3. HP: 41/41 MP: 3/3
     8 | D        | Reached XP level 4. HP: 47/47 MP: 4/4
     8 | D        | Reached XP level 5. HP: 53/53 MP: 5/5
     8 | D        | Reached XP level 6. HP: 60/60 MP: 6/6
     8 | D        | Reached XP level 7. HP: 66/66 MP: 7/7
     8 | D        | Reached XP level 8. HP: 72/72 MP: 8/8
     8 | D        | Reached XP level 9. HP: 78/78 MP: 9/9
     8 | D        | Reached XP level 10. HP: 85/85 MP: 10/10
     8 | D        | Reached XP level 11. HP: 90/90 MP: 11/11
     8 | D        | Noticed a bag of meat
     8 | D        | Noticed a bag of meat
     8 | D        | Noticed a bag of meat
     9 | D        | Killed a meat berserker
     9 | D        | Reached * piety under Makhleb
     9 | D        | Killed a meat berserker
     9 | D        | Noticed a bag of meat
     9 | D        | Noticed a bag of meat
     9 | D        | Noticed a bag of meat
     9 | D        | Noticed a large bag of meat
    10 | D        | Reached XP level 12. HP: 55/107 MP: 12/12
    10 | D        | Reached XP level 13. HP: 58/113 MP: 13/13
    10 | D        | Reached XP level 14. HP: 62/120 MP: 14/14
    10 | D        | Noticed a bag of meat
    10 | D        | Noticed a bag of meat
    11 | D        | Killed a bag of meat
    11 | D        | Killed a bag of meat
    11 | D        | Reached ** piety under Makhleb
    11 | D        | Killed a bag of meat
    11 | D        | Noticed a bag of meat
    12 | D        | Reached skill level 15 in Fighting
    12 | D        | Reached XP level 15. HP: 126/130 MP: 15/15
    12 | D        | Killed a meat berserker
    12 | D        | Noticed a meat berserker
    13 | D        | Reached skill level 27 in Axes
    13 | D        | Noticed a meat berserker
    13 | D        | Noticed a meat berserker
    15 | D        | Reached *** piety under Makhleb
    15 | D        | Noticed a meat berserker
    16 | D        | Reached XP level 16. HP: 146/146 MP: 16/16
    16 | D        | Noticed a meat berserker
    17 | D        | Noticed a meat berserker
    17 | D        | Noticed a meat berserker
    18 | D        | Noticed a meat berserker
    18 | D        | Killed a meat berserker
    18 | D        | Reached **** piety under Makhleb
    19 | D        | Reached skill level 27 in Dodging
    19 | D        | Reached XP level 17. HP: 169/169 MP: 17/17
    19 | D        | Noticed a meat berserker
    20 | D        | Noticed a meat berserker
    21 | D        | Killed a meat berserker
    21 | D        | Killed a meat berserker
    21 | D        | Reached ***** piety under Makhleb
    21 | D        | Killed a meat berserker
    21 | D        | Noticed a meat berserker
    22 | D        | Reached skill level 27 in Fighting
    22 | D        | Reached skill level 27 in Throwing
    22 | D        | Reached XP level 18. HP: 182/182 MP: 18/18
    22 | D        | Noticed a meat berserker
    23 | D        | Noticed a meat berserker
    23 | D        | Noticed a large bag of meat
    23 | D        | Killed a meat berserker
    23 | D        | Killed a meat berserker
    23 | D        | Reached ****** piety under Makhleb
    24 | D        | Reached skill level 27 in Armour
    24 | D        | Reached XP level 19. HP: 189/189 MP: 19/19
    24 | D        | Killed a meat berserker
    24 | D        | Noticed a meat berserker
    25 | D        | Reached skill level 5 in Short Blades
    25 | D        | Reached skill level 5 in Long Blades
    25 | D        | Reached skill level 5 in Maces & Flails
    25 | D        | Reached skill level 5 in Polearms
    25 | D        | Reached skill level 5 in Staves
    25 | D        | Reached skill level 5 in Ranged Weapons
    25 | D        | Reached skill level 5 in Unarmed Combat
    25 | D        | Reached skill level 5 in Spellcasting
    25 | D        | Reached skill level 5 in Conjurations
    25 | D        | Reached skill level 5 in Necromancy
    25 | D        | Reached skill level 5 in Translocations
    25 | D        | Reached skill level 5 in Fire Magic
    25 | D        | Reached skill level 5 in Ice Magic
    25 | D        | Reached XP level 20. HP: 197/197 MP: 19/28
    26 | D        | Noticed a destroyer
    26 | D        | Noticed a meat berserker
    27 | D        | Killed a destroyer
    27 | D        | Noticed a destroyer
    28 | D        | Reached skill level 10 in Invocations
    28 | D        | Noticed a destroyer
    28 | D        | Killed a meat berserker
    28 | D        | Killed a meat berserker
    28 | D        | Killed a meat berserker
    29 | D        | Reached skill level 10 in Summonings
    29 | D        | Reached skill level 10 in Transmutations
    29 | D        | Reached skill level 10 in Shapeshifting
    29 | D        | Reached XP level 21. HP: 204/204 MP: 19/34
    29 | D        | Killed a meat berserker
    29 | D        | Noticed a destroyer
    30 | D        | Reached skill level 10 in Short Blades
    30 | D        | Reached skill level 10 in Long Blades
    30 | D        | Reached skill level 10 in Maces & Flails
    30 | D        | Reached skill level 10 in Polearms
    30 | D        | Reached skill level 10 in Staves
    30 | D        | Reached skill level 10 in Ranged Weapons
    30 | D        | Reached skill level 10 in Unarmed Combat
    30 | D        | Reached skill level 10 in Spellcasting
    30 | D        | Reached skill level 10 in Necromancy
    30 | D        | Reached skill level 10 in Fire Magic
    30 | D        | Reached skill level 10 in Ice Magic
    30 | D        | Noticed a meat berserker
    30 | D        | Noticed a destroyer
    30 | D        | Noticed a large bag of meat
    30 | D        | Noticed a destroyer
    32 | D        | Reached skill level 10 in Conjurations
    32 | D        | Reached skill level 10 in Translocations
    32 | D        | Reached XP level 22. HP: 200/212 MP: 20/37
    32 | D        | Killed a destroyer
    32 | D        | Killed a large bag of meat
    32 | D        | Killed a destroyer
    32 | D        | Noticed a large bag of meat
    33 | D        | Reached skill level 15 in Hexes
    33 | D        | Reached skill level 10 in Air Magic
    33 | D        | Reached skill level 15 in Earth Magic
    33 | D        | Reached skill level 15 in Evocations
    33 | D        | Reached XP level 23. HP: 175/219 MP: 20/39
    33 | D        | Noticed a large bag of meat
    34 | D        | Killed a destroyer
    35 | D        | Reached skill level 15 in Transmutations
    35 | D        | Reached XP level 24. HP: 218/227 MP: 20/41
    35 | D        | Noticed a destroyer
    35 | D        | Killed a destroyer
    36 | D        | Reached skill level 15 in Short Blades
    36 | D        | Reached skill level 15 in Long Blades
    36 | D        | Reached skill level 15 in Maces & Flails
    36 | D        | Reached skill level 15 in Polearms
    36 | D        | Reached skill level 15 in Staves
    36 | D        | Reached skill level 15 in Ranged Weapons
    36 | D        | Reached skill level 15 in Unarmed Combat
    36 | D        | Reached skill level 15 in Spellcasting
    36 | D        | Reached skill level 15 in Necromancy
    36 | D        | Reached skill level 15 in Fire Magic
    36 | D        | Reached skill level 15 in Ice Magic
    37 | D        | Reached XP level 25. HP: 225/234 MP: 21/42
    38 | D        | Killed a large bag of meat
    39 | D        | Reached skill level 15 in Conjurations
    39 | D        | Reached skill level 15 in Translocations
    40 | D        | Killed a large bag of meat
    40 | D        | Noticed a destroyer
    41 | D        | Reached XP level 26. HP: 197/242 MP: 22/44
    42 | D        | Reached skill level 15 in Air Magic
    43 | D        | Noticed a large bag of meat
    43 | D        | Noticed a destroyer
    43 | D        | Noticed a destroyer
    44 | D        | Killed a destroyer
    45 | D        | Reached skill level 27 in Stealth
    45 | D        | Reached XP level 27. HP: 230/249 MP: 22/45
    45 | D        | Killed a destroyer
    46 | D        | Killed a destroyer
    47 | D        | Noticed a destroyer
    50 | D        | Killed a large bag of meat
    50 | D        | Noticed a destroyer
    51 | D        | Reached skill level 27 in Poison Magic
    51 | D        | Reached skill level 27 in Invocations
    51 | D        | Killed a destroyer
    51 | D        | Noticed a destroyer
    52 | D        | Reached skill level 27 in Shields
    52 | D        | Noticed a large bag of meat
    54 | D        | Noticed a tyrant
    54 | D        | Noticed a tyrant
    55 | D        | Killed a large bag of meat
    55 | D        | Noticed a destroyer
    56 | D        | Killed a large bag of meat
    56 | D        | HP: 4/249 [something (15)]
    57 | D        | Reached skill level 27 in Earth Magic
    57 | D        | Killed a destroyer
    58 | D        | Reached skill level 27 in Hexes
    58 | D        | Reached skill level 27 in Evocations
    59 | D        | Killed a destroyer
    60 | D        | Killed a destroyer
    60 | D        | Killed a destroyer
    61 | D        | Killed a tyrant
    61 | D        | Killed a large bag of meat
    62 | D        | Killed a destroyer
    63 | D        | Reached skill level 27 in Summonings
    63 | D        | Reached skill level 27 in Transmutations
    63 | D        | Reached skill level 27 in Shapeshifting
    63 | D        | Noticed a tyrant
    63 | D        | Noticed a dread
    64 | D        | Killed a tyrant
    65 | D        | Noticed a dread
    66 | D        | Noticed a meat beast
    66 | D        | Noticed a meat beast
    66 | D        | Noticed a dread
    68 | D        | Noticed a destroyer
    68 | D        | Noticed a tyrant
    70 | D        | Killed a meat beast
    70 | D        | Killed a destroyer
    70 | D        | HP: 10/249 [meat beast (17)]
    71 | D        | Reached skill level 27 in Short Blades
    71 | D        | Reached skill level 27 in Long Blades
    71 | D        | Reached skill level 27 in Maces & Flails
    71 | D        | Reached skill level 27 in Polearms
    71 | D        | Reached skill level 27 in Staves
    71 | D        | Reached skill level 27 in Ranged Weapons
    71 | D        | Reached skill level 27 in Unarmed Combat
    71 | D        | Reached skill level 27 in Spellcasting
    71 | D        | Reached skill level 27 in Necromancy
    71 | D        | Reached skill level 27 in Fire Magic
    71 | D        | Reached skill level 27 in Ice Magic
    71 | D        | Killed a meat beast
    71 | D        | Killed from afar by a tyrant

Illustrated notes

Levels and vault maps discovered:
D:        meatsprint

Skill      XL: |  1  2  3  4  5  6  7  8  9 10 11 12 13 14 15 16 17 18 19 20 21 22 23 24 25 26 27 |
---------------+----------------------------------------------------------------------------------+-----
Fighting       | 10 14 15 19 25 27 | 27.0
Axes           | 16 23 25 27 | 27.0
Throwing       | 8 12 13 16 20 27 | 27.0
Dodging        | 15 20 22 26 27 | 27.0
Armour         | 3 4 6 9 20 27 | 27.0
Short Blades   | 5 9 11 12 14 15 17 18 27 | 27.0
Long Blades    | 5 9 11 12 14 15 17 18 27 | 27.0
Maces & Flails | 5 9 11 12 14 15 17 18 27 | 27.0
Polearms       | 5 9 11 12 14 15 17 18 27 | 27.0
Staves         | 5 9 11 12 14 15 17 18 27 | 27.0
Ranged Weapons | 5 9 11 12 14 15 17 18 27 | 27.0
Stealth        | 7 12 14 16 18 20 22 27 | 27.0
Shields        | 7 12 14 16 18 20 22 23 27 | 27.0
Unarmed Combat | 5 9 11 12 14 15 17 18 27 | 27.0
Spellcasting   | 5 9 11 12 14 15 17 18 27 | 27.0
Conjurations   | 5 8 10 11 13 14 16 17 26 | 26.8
Hexes          | 6 11 13 15 16 18 20 21 27 | 27.0
Summonings     | 6 10 12 14 16 17 19 20 27 | 27.0
Necromancy     | 5 9 11 12 14 15 17 18 27 | 27.0
Translocations | 5 8 10 11 13 14 16 17 26 | 26.8
Transmutations | 6 10 12 13 15 17 19 20 27 | 27.0
Fire Magic     | 5 9 11 12 14 15 17 18 27 | 27.0
Ice Magic      | 5 9 11 12 14 15 17 18 27 | 27.0
Air Magic      | 4 7 9 10 12 13 14 15 25 | 25.2
Earth Magic    | 6 11 13 15 16 18 20 21 27 | 27.0
Poison Magic   | 7 12 14 16 18 20 22 23 27 | 27.0
Invocations    | 7 12 14 16 18 20 22 23 27 | 27.0
Evocations     | 7 11 13 15 17 19 21 22 27 | 27.0
Shapeshifting  | 6 10 12 14 16 17 19 20 27 | 27.0

Action                     |  1- 3 |  4- 6 |  7- 9 | 10-12 | 13-15 | 16-18 | 19-21 | 22-24 | 25-27 || total
---------------------------+-------+-------+-------+-------+-------+-------+-------+-------+-------++-------
  Melee: Executioner's axe |     1 |       |       |     1 |     3 |     3 |     5 |     5 |    29 ||    47
    Use: Potion            |       |       |       |       |       |       |       |       |     1 ||     1
 Armour: Leather armour    |       |       |       |     1 |     2 |     3 |     4 |     6 |    39 ||    55
  Dodge: Dodged            |       |       |       |       |     1 |     1 |       |       |     1 ||     3

Table legend: (Time is in decaauts)
 A = Elapsed time spent in this place.
 B = Non-inter-level travel time spent in this place.
 C = Inter-level travel time spent in this place.
 D = Time resting spent in this place.
 E = Time spent auto-exploring this place.
 F = Levels seen in this place.
 G = Mean time per level.
                   A        B        C        D        E       F      G
               +--------+--------+--------+--------+--------+-----+--------+
         Total |     58 |     58 |      0 |      0 |      0 |   1 |   58.0 |
       Dungeon |     58 |     58 |      0 |      0 |      0 |   1 |   58.0 |
               +--------+--------+--------+--------+--------+-----+--------+

Top non-repeatable levels by time:
       D: 58 daAuts
